 Dungeon Crawl Stone Soup version 0.13.1-22-g086cdba (webtiles) character file.

9578 Mitsuki the Basher (level 11, 0/89 HPs)
             Began as a Hill Orc Fighter on Jan 4, 2014.
             Was an Elder of Beogh.
             Succumbed to a soldier ant's poison
             ... on Level 10 of the Dungeon.
             The game lasted 01:25:13 (9971 turns).

Mitsuki the Basher (Hill Orc Fighter)               Turns: 9971, Time: 01:25:14

HP   0/89        AC 24     Str 23      XL: 11   Next: 40%
MP  21/21        EV  5     Int -6 (8)  God: Beogh [****..]
Gold 519         SH 27     Dex 10      Spells:  0 memorised, 10 levels left

Res.Fire  : . . .   See Invis. : .   I - +4,+0 flail (protect)
Res.Cold  : . . .   Warding    : +   j - +2 plate armour
Life Prot.: + . .   Conserve   : .   c - +0 orc shield
Res.Poison: .       Res.Corr.  : .   (no helmet)
Res.Elec. : .       Clarity    : .   v - +1 cloak
Sust.Abil.: . .     Spirit.Shd : .   (no gloves)
Res.Mut.  : .       Stasis     : .   e - +0 pair of boots
Res.Rott. : .       Flight     : .   u - amulet of warding
Saprovore : + . .                    (no ring)
                                     E - ring of magical power

@: lost intelligence, very poisoned, very slow, somewhat resistant to hostile
enchantments, extremely unstealthy
A: camouflage 1, saprovore 1
a: Smiting, Recall Orcish Followers, Renounce Religion


You were on level 10 of the Dungeon.
You worshipped Beogh.
Beogh was greatly pleased with you.
You were full.

You visited 2 branches of the dungeon, and saw 12 of its levels.

You collected 499 gold pieces.

Inventory:

Hand weapons
 a - a +1,+1 orcish mace
 m - the +0,+7 trident "Fysemunk" {drain, rElec, unknown}
   (You found it on level 4 of the Dungeon)

   A truly terrible weapon, it drains the life of those it strikes.
   It insulates you from electricity.
 I - a +4,+0 flail of protection (weapon)
Armour
 c - a +0 orcish shield (worn)
 e - a +0 pair of boots (worn)
 j - a +2 plate armour (worn)
 v - a +1 cloak (worn)
Magical devices
 h - a wand of flame (12)
 t - a wand of disintegration (11) {unknown}
 y - a wand of flame (23)
 D - a wand of flame (1)
 K - a wand of magic darts (14) {unknown}
 R - a wand of enslavement (13) {unknown}
Comestibles
 d - 4 meat rations
 f - 8 bread rations
 A - a cheese
 J - a honeycomb
 N - 4 chunks of komodo dragon flesh
 P - a snozzcumber
Scrolls
 g - 2 scrolls of fog
 i - 5 scrolls of identify
 k - a scroll of amnesia
 l - 5 scrolls of remove curse
 o - 2 scrolls of magic mapping
 q - 2 scrolls of fear
 s - 7 scrolls of teleportation
 C - a scroll of acquirement {unknown}
 O - a scroll of enchant armour
 T - a scroll of enchant weapon II
Jewellery
 p - an uncursed ring of fire
 u - an amulet of warding (around neck)
 w - an uncursed ring of wizardry
 z - an uncursed ring of ice
 B - an uncursed ring of ice
 E - a ring of magical power (left hand)
 G - a cursed -4 ring of intelligence {unknown}
 L - an uncursed amulet of resist corrosion {unknown}
 M - an uncursed amulet of faith {unknown}
Potions
 r - a potion of restore abilities
 F - a potion of brilliance
Books
 x - a book of Air

   Spells                             Type                      Level
   Shock                              Conjuration/Air              1
   Swiftness                          Charms/Air                   2
   Repel Missiles                     Charms/Air                   2
   Flight                             Charms/Air                   3
   Static Discharge                   Conjuration/Air              3
   Lightning Bolt                     Conjuration/Air              5
 U - a book of Maledictions

   Spells                             Type                      Level
   Corona                             Hexes                        1
   Sure Blade                         Hexes/Charms                 2
   Ensorcelled Hibernation            Hexes/Ice                    2
   Confuse                            Hexes                        3
   Enslavement                        Hexes                        4
   Invisibility                       Hexes                        6
 X - a book of Minor Magic

   Spells                             Type                      Level
   Magic Dart                         Conjuration                  1
   Blink                              Translocation                2
   Call Imp                           Summoning                    2
   Repel Missiles                     Charms/Air                   2
   Slow                               Hexes                        2
   Conjure Flame                      Conjuration/Fire             3
   Mephitic Cloud                     Conjuration/Poison/Air       3
Magical staves
 Q - an uncursed staff of summoning {unknown}
 Y - an uncursed staff of power {unknown}
Rods
 b - a -1 rod of fiery destruction (9/9)
   (You found it on level 6 of the Dungeon)


   Skills:
 - Level 6.5 Fighting
 * Level 13.0 Maces & Flails
 + Level 8.7 Armour
 + Level 10.6 Shields
 + Level 1.1 Invocations
 + Level 0.2 Evocations


You had 10 spell levels left.
You didn't know any spells.

Dungeon Overview and Level Annotations

Branches:
Dungeon (11/27)            Temple (1/1) D:7             Orc (0/4) D:8
   Lair: D:8-13

Altars:
Ashenzari
Cheibriados
Fedhas
Kikubaaqudgha
Nemelex Xobeh
Okawaru
Sif Muna
Vehumet
Xom
Yredelemnul
Zin
the Shining One

Portals:
Trove: D:10 (give +4 ice dragon armour)

Annotations:
D:10 exclusions: orange crystal statue and silver statue


Innate Abilities, Weirdness & Mutations

You can tolerate rotten meat.
Your skin changes colour to match your surroundings (Stlth).


Message History

The hungry ghost is severely damaged.
* * * LOW HITPOINT WARNING * * *
You feel sick. You block the hungry ghost's attack.
The hungry ghost hits you but does no damage.
You closely miss the hungry ghost.
The hungry ghost is severely damaged.
* * * LOW HITPOINT WARNING * * *
You feel very sick. You block the hungry ghost's attack.
You thump the hungry ghost!
You destroy the hungry ghost!
Beogh accepts your kill.
Your Maces & Flails skill increases to level 13!
* * * LOW HITPOINT WARNING * * *
You feel very sick.
Drink which item? (? for menu, Esc to quit)
Okay, then.
Eat one of 4 chunks of komodo dragon flesh? (ye/n/q/i?) Eat which item? (? for menu, Esc to quit)
You die...

.(## #o# .(.# #o# .(.#
#.# ...# #o# ...# #o#
...############### #o#
.................# #o#
...#############># #.#
################@###o#
.....................#
################.#####
##.#### #.....#
###############.....#


oooooooooooo..o.....# ###############.....# #.....# There were no monsters in
sight!

Vanquished Creatures
  A vault guard (D:10)
  A queen ant (D:11)
  A troll (D:10)
  A ynoxinul (D:10)
  12 yaks (D:9)
  A hippogriff (D:7)
  Edmund (D:7)
  Menkaure (D:5)
  2 hungry ghosts (D:10)
  4 soldier ants
  2 ice beasts (D:7)
  2 sky beasts
  2 black bears
  2 orc warriors (D:9)
  5 ogres
  A giant goldfish (D:6)
  A centaur (D:9)
  Duvessa (D:7)
  3 giant frogs (D:8)
  2 jellyfish (D:6)
  4 wights (D:8)
  2 electric eels (D:6)
  2 goliath beetles
  6 killer bees
  Dowan (D:7)
  A quasit (D:10)
  2 crimson imps
  3 big fish (D:6)
  A hound (D:6)
  A jelly (D:7)
  A centaur skeleton (D:6)
  3 orc priests
  A giant frog skeleton (D:6)
  3 iguanas
  8 orc wizards
  4 scorpions
  9 worker ants
  An ogre skeleton (D:4)
  5 adders
  4 gnolls
  A human (D:8)
  An inept feature mimic (D:7)
  5 white imps (D:11)
  2 giant mites
  An inept item mimic (D:3)
  A worm (D:9)
  An ufetubus (D:10)
  A giant eyeball (D:7)
  4 giant geckos
  An ooze (D:3)
  15 orcs
  2 ball pythons
  15 bats
  A bat skeleton (D:6)
  5 giant cockroaches
  10 goblins
  12 hobgoblins
  11 jackals
  19 kobolds
  3 giant newts
  A giant spore (D:9)
  A hobgoblin skeleton (D:5)
  4 quokkas
  13 rats
  A ballistomycete (D:11)
239 creatures vanquished.

Vanquished Creatures (collateral kills)
  Fannar (D:11)
  An ice devil (D:10)
  A komodo dragon (D:11)
  A blue devil (D:10)
  A wyvern (D:9)
  2 soldier ants (D:11)
  An orange crystal statue (D:10)
  3 necrophages
  2 orc warriors (D:8)
  An ogre (D:9)
  A phantom (D:9)
  An ice beast (D:11)
  A big kobold (D:10)
  A rotting devil (D:10)
  2 giant frogs (D:9)
  A crocodile (D:10)
  A hippogriff zombie (D:8)
  A yak skeleton (D:10)
  2 killer bees (D:9)
  A goliath beetle (D:9)
  A quasit (D:10)
  An orc priest (D:8)
  5 hounds
  A centaur skeleton (D:9)
  An orc wizard (D:8)
  2 scorpions
  10 worker ants
  2 adders
  9 white imps (D:11)
  5 ufetubi (D:10)
  An adder skeleton (D:8)
  A giant eyeball (D:8)
  11 orcs
  A bat (D:8)
  2 quokkas (D:9)
  3 rats
82 creatures vanquished.

Vanquished Creatures (others)
  An orc knight (D:11)
  4 orc warriors
  An orc priest (D:11)
  3 orc wizards
  19 orcs
  A hobgoblin (D:11)
  A giant spore (D:11)
  A fungus (D:10)
31 creatures vanquished.

Grand Total: 352 creatures vanquished

Notes
Turn   | Place    | Note
--------------------------------------------------------------
     0 | D:1      | Mitsuki, the Hill Orc Fighter, began the quest for the Orb.
     0 | D:1      | Reached XP level 1. HP: 19/19 MP: 0/0
    23 | D:1      | Reached XP level 2. HP: 26/26 MP: 1/1
   118 | D:1      | Reached skill level 4 in Fighting
   182 | D:1      | Reached XP level 3. HP: 29/33 MP: 2/2
  1074 | D:3      | Reached XP level 4. HP: 40/40 MP: 3/3
  1336 | D:3      | Reached XP level 5. HP: 12/46 MP: 4/4
  1964 | D:4      | Noticed an ogre
  1971 | D:4      | Killed an ogre
  1971 | D:4      | Reached XP level 6. HP: 19/53 MP: 5/5
  2344 | D:4      | Reached skill level 5 in Armour
  2477 | D:4      | Reached skill level 5 in Shields
  2568 | D:4      | Got a slimy trident
  2796 | D:5      | Entered Level 5 of the Dungeon
  2797 | D:5      | Noticed Menkaure
  2810 | D:5      | Killed Menkaure
  2810 | D:5      | Reached XP level 7. HP: 12/60 MP: 6/6
  2928 | D:5      | Became a worshipper of Beogh the Brigand
  3061 | D:5      | Reached skill level 5 in Fighting
  3061 | D:5      | Reached skill level 5 in Maces & Flails
  3560 | D:5      | Found a basalt altar of Yredelemnul.
  3637 | D:6      | Found a snail-covered altar of Cheibriados.
  3807 | D:6      | Reached skill level 6 in Shields
  3813 | D:6      | Reached XP level 8. HP: 38/68 MP: 7/7
  4327 | D:6      | Acquired Beogh's first power
  4467 | D:6      | Identified a -1 rod of fiery destruction (9/9) (You found it on level 6 of the Dungeon)
  4518 | D:6      | Reached skill level 7 in Maces & Flails
  4812 | D:7      | Noticed Duvessa
  4812 | D:7      | Noticed Dowan
  4957 | D:7      | Acquired Beogh's second power
  4965 | D:7      | Reached skill level 8 in Maces & Flails
  4965 | D:7      | Reached XP level 9. HP: 53/74 MP: 8/8
  5176 | D:7      | Killed Duvessa
  5204 | D:7      | Killed Dowan
  5318 | D:7      | Noticed Edmund
  5339 | D:7      | Killed Edmund
  5385 | D:7      | Paralysed by a giant eyeball for 4 turns
  5490 | D:7      | Found a staircase to the Ecumenical Temple.
  5516 | Temple   | Entered the Ecumenical Temple
  5793 | D:7      | Reached skill level 9 in Maces & Flails
  6032 | D:8      | Found a basalt altar of Yredelemnul.
  6356 | D:9      | Reached skill level 10 in Maces & Flails
  6386 | D:9      | Reached XP level 10. HP: 34/83 MP: 9/9
  6780 | D:9      | Acquired Beogh's third power
  6780 | D:9      | Reached skill level 11 in Maces & Flails
  7082 | D:8      | Gained Zorug as an ally
  7175 | D:8      | Found a staircase to the Orcish Mines.
  7845 | D:9      | Gained Bogrim as an ally
  8188 | D:9      | Reached skill level 12 in Maces & Flails
  8313 | D:9      | Acquired Beogh's fourth power
  8321 | D:9      | Found a blossoming altar of Fedhas.
  8590 | D:10     | Entered Level 10 of the Dungeon
  8841 | D:10     | Noticed a vault guard
  8856 | D:10     | Killed a vault guard
  8856 | D:10     | Reached XP level 11. HP: 58/89 MP: 10/10
  8866 | D:10     | Found a portal to a secret trove of treasure.
  9019 | D:10     | Lost intelligence.
  9099 | D:10     | Paralysed by a potion of paralysis for 3 turns
  9101 | D:10     | Gained mutation: Your skin changes colour to match your surroundings (Stlth). [potion of beneficial mutation]
  9208 | D:10     | Reached skill level 10 in Shields
  9236 | D:10     | Noticed an ice devil
  9335 | D:10     | Lost intelligence.
  9340 | D:10     | Killed an ice devil
  9574 | D:11     | Found a frozen archway.
  9604 | D:11     | Noticed Fannar
  9609 | D:11     | Your ally Zorug died
  9610 | D:11     | Killed Fannar
  9903 | D:11     | Reached skill level 1 in Invocations
  9905 | D:11     | Your ally Bogrim died
  9969 | D:10     | HP: 4/89 [poisoned by a soldier ant]
  9970 | D:10     | Reached skill level 13 in Maces & Flails
  9971 | D:10     | Succumbed to a soldier ant's poison

Action                   |  1- 3 |  4- 6 |  7- 9 | 10-12 || total
-------------------------+-------+-------+-------+-------++-------
Melee: Mace              |    96 |   197 |   229 |       ||   522
       Morningstar       |       |       |   140 |       ||   140
       Flail             |       |       |   157 |   448 ||   605
Invok: Convert to Beogh  |       |       |     1 |       ||     1
       Recall Orcish Fol |       |       |       |     7 ||     7
Evoke: Wand              |       |       |     4 |     1 ||     5
  Use: Scroll            |     7 |    11 |     9 |       ||    27
       Potion            |       |       |     6 |    11 ||    17
 Stab: Distracted        |       |       |       |     6 ||     6
